 Dungeon Crawl Stone Soup version 0.15-a0-357-gf0ffff9 (webtiles) character file.

31278 Infinimo the Brawler (level 13, -5/107 (113) HPs)
             Began as a Minotaur Monk on May 3, 2014.
             Was a High Priest of Okawaru.
             Slain by DasRunzen's ghost (19 damage)
             ... on Level 6 of the Lair of Beasts.
             The game lasted 00:38:42 (19324 turns).

Infinimo the Brawler (Minotaur Monk)               Turns: 19324, Time: 00:38:44

HP  -5/107 (113) AC 25     Str 18      XL: 13   Next: 18%
MP   5/5         EV  8     Int  7      God: Okawaru [*****.]
Gold 1223        SH 11     Dex 14      Spells:  0 memorised, 12 levels left

rFire  . . .     SeeInvis +       - Unarmed
rCold  . . .     Clarity  .     r - +1 plate armour
rNeg   . . .     Conserve +     o - +0 buckler
rPois  .         rCorr    .     N - +2 hat
rElec  .         rRot     .     s - +2 cloak
SustAb + .       Spirit   .     x - +2 pair of gloves
rMut   .         Warding  .     (no boots)
Saprov . . .     Stasis   .     G - amulet of conservation
MR     .....                    u - +2 ring of evasion
                                A - ring of sustain abilities

@: not resistant to hostile enchantments, extremely unstealthy
A: retaliatory headbutt, horns 2, talons 1, see invisible, herbivore 1,
regeneration 1, weak 1
a: Heroism, Finesse, Renounce Religion


You were on level 6 of the Lair of Beasts.
You worshipped Okawaru.
Okawaru was extremely pleased with you.
You were not hungry.

You visited 3 branches of the dungeon, and saw 18 of its levels.
You also visited: Bailey.

You collected 1223 gold pieces.

Inventory:

Armour
 o - a +0 buckler (worn)
 r - a +1 plate armour (worn)
 s - a +2 cloak (worn)
 x - a +2 pair of gloves (worn)
 N - a +2 hat (worn)
Magical devices
 i - a wand of fire (6)
 B - a wand of teleportation (1)
 C - a wand of digging (12)
 E - a wand of disintegration (20)
 W - a wand of polymorph (4)
Comestibles
 b - 3 bread rations
 h - 7 apples
 k - 4 pears
 m - 3 slices of pizza
 t - 8 apricots
 w - 4 chokos
 P - 15 strawberries
 Q - 15 grapes
 R - 7 lychees
Scrolls
 a - 7 scrolls of teleportation
 d - a scroll of recharging
 e - 6 scrolls of fog
 j - 8 scrolls of blinking
 q - 9 scrolls of remove curse
 y - 2 scrolls of magic mapping
 D - 5 scrolls of identify
 T - a scroll of fear
Jewellery
 f - an uncursed ring of poison resistance {unknown}
 u - a +2 ring of evasion (right hand)
 A - a ring of sustain abilities (left hand)
 G - an amulet of conservation (around neck)
 I - an uncursed ring of see invisible
Potions
 c - 3 potions of might
 g - 2 potions of heal wounds
 l - 14 potions of curing
 n - 4 potions of haste
 v - a potion of restore abilities
 F - 2 potions of magic
 L - a potion of agility


   Skills:
 - Level 10.2 Fighting
 - Level 11.0 Armour
 + Level 3.3 Dodging
 - Level 1.5 Stealth
 - Level 5.2 Shields
 * Level 19.0 Unarmed Combat


You had 12 spell levels left.
You didn't know any spells.

Dungeon Overview and Level Annotations

Branches:
Dungeon (11/15)            Temple (1/1) D:4            Lair (6/8) D:11
  Swamp (0/5) Lair:3       Spider (0/5) Lair:4        Slime (0/6) Lair:6
    Orc: D:9-12

Altars:
Ashenzari
Cheibriados
Dithmenos
Elyvilon
Fedhas
Kikubaaqudgha
Makhleb
Nemelex Xobeh
Okawaru
Sif Muna
Trog
Vehumet
Xom
Yredelemnul
Zin
The Shining One
Beogh

Annotations:
Lair:6 DasRunzen's ghost, powerful FoFi


Innate Abilities, Weirdness & Mutations

You reflexively headbutt those who attack you in melee.
You have a pair of horns on your head.
You have sharp toenails.
You have supernaturally acute eyesight.
You digest meat inefficiently.
Your natural rate of healing is unusually fast.
You are weak. (Str -2)


Message History

DasRunzen's ghost is almost destroyed.
DasRunzen's ghost hits you.
You punch DasRunzen's ghost!
DasRunzen's ghost is almost destroyed.
DasRunzen's ghost hits you!
You are electrocuted!
DasRunzen's ghost hits you.
You are electrocuted!
* * * LOW HITPOINT WARNING * * *
You are too injured to fight recklessly!
You are too injured to fight recklessly!
You are too injured to fight recklessly!
You are too injured to fight recklessly!
You headbutt DasRunzen's ghost, but do no damage.
DasRunzen's ghost is almost destroyed.
You hit DasRunzen's ghost but do no damage.
You claw DasRunzen's ghost.
DasRunzen's ghost is almost destroyed.
DasRunzen's ghost hits you!
* * * LOW HITPOINT WARNING * * *
You are electrocuted!
You die...

..# ####.#######.#..#### #####.##
#.###...##.##P.....#...###.#....#
#.......#..##[.........##....P...
#...........#............#..PP...
.............#.............P.....
.#...............................
#................................
.................................
...............>@W...PP..........
#....!.............PP............
P.................P.P....P..PP...
##............##.#...#....#..P..#
#...........####.######P######...
##.......#..## ### ### ##.#
.#......#..#.# ### .........P.###
........[...#


You could see DasRunzen's ghost.

Vanquished Creatures
  The ghost of DasRunzen the Reanimator, a powerful DsNe of Kikubaaqudgha (Lair:5)
  4 hydras
  Fannar (Lair:2)
  Harold (Lair:5)
  Erica (Lair:5)
  A hill giant (D:11)
  Joseph (D:8)
  The ghost of katzbalger the Martial Artist, an experienced HuMo (D:5)
  3 orc knights (Bailey)
  6 elephants (Lair:4)
  A black mamba (Lair:2)
  A feature mimic (D:11)
  A guardian serpent (D:11)
  6 spiny frogs
  3 komodo dragons
  2 fire drakes
  A polar bear (Lair:5)
  A blink frog (Lair:5)
  3 two-headed ogres
  2 trolls
  5 basilisks
  6 yaks (Lair:6)
  2 wyverns (D:9)
  4 hungry ghosts
  2 sharks
  7 hippogriffs
  3 ice beasts
  9 porcupines
  7 water moccasins
  2 black bears
  5 necrophages
  4 ogres
  15 orc warriors
  A boring beetle (Lair:5)
  5 centaurs
  5 phantoms
  6 crocodiles
  8 giant slugs
  11 giant frogs
  A water moccasin zombie (Lair:5)
  A scorpion (D:8)
  8 killer bees
  11 wights
  2 crimson imps
  3 goliath beetles
  3 vampire bats (Lair:4)
  An electric eel (Lair:6)
  6 orc priests
  5 hounds
  Crazy Yiuf (D:3)
  A giant frog zombie (D:8)
  A quasit (D:6)
  3 jellies
  3 orange rats
  9 orc wizards
  2 big fish
  Natasha (twice) (D:3)
  8 iguanas
  9 worker ants
  A killer bee zombie (D:6)
  15 sheep
  An ogre zombie (D:3)
  A sky beast zombie (D:8)
  Ijyb (D:7)
  A hound zombie (D:4)
  2 human simulacra (D:9)
  2 mummies (D:11)
  A worker ant zombie (D:8)
  18 adders
  35 green rats
  13 gnolls
  A steam dragon zombie (D:7)
  A giant mite (D:9)
  2 shadow imps
  An inept feature mimic (D:8)
  7 worms
  3 giant eyeballs
  6 giant geckos
  76 orcs
  26 bats
  2 bat skeletons
  2 giant cockroaches (D:2)
  21 hobgoblins
  21 jackals
  19 kobolds
  2 oozes
  5 giant newts
  29 goblins
  2 hobgoblin skeletons
  A jackal zombie (D:6)
  8 quokkas
  32 rats
  2 ballistomycetes (D:11)
  A fungus (D:11)
  A plant (D:11)
590 creatures vanquished.

Vanquished Creatures (others)
  A trapdoor spider (shapeshifter) (D:9)
  A green rat (Lair:5)
  Natasha (D:3)
  A bat (Lair:5)
  A giant spore (D:11)
  A rat (D:9)
  2 fungi (Lair:4)
8 creatures vanquished.

Grand Total: 598 creatures vanquished

Notes
Turn   | Place    | Note
--------------------------------------------------------------
     0 | D:1      | Infinimo, the Minotaur Monk, began the quest for the Orb.
     0 | D:1      | Reached XP level 1. HP: 19/19 MP: 1/1
   376 | D:1      | Reached XP level 2. HP: 22/27 MP: 1/1
   688 | D:2      | Reached skill level 5 in Unarmed Combat
   928 | D:2      | Reached XP level 3. HP: 26/33 MP: 2/2
  1301 | D:2      | Reached XP level 4. HP: 10/41 MP: 2/2
  2022 | D:2      | Found an ancient bone altar of Kikubaaqudgha.
  2374 | D:3      | Reached skill level 6 in Unarmed Combat
  2383 | D:3      | Reached skill level 5 in Fighting
  2528 | D:3      | Reached XP level 5. HP: 46/48 MP: 2/2
  2853 | D:3      | Noticed Natasha
  2862 | D:3      | Killed Natasha
  3049 | D:3      | Found a burning altar of Makhleb.
  3102 | D:3      | Noticed Natasha
  3109 | D:3      | Killed Natasha
  3196 | D:3      | Reached skill level 7 in Unarmed Combat
  3374 | D:3      | Noticed Natasha
  3379 | D:3      | Killed Natasha
  3379 | D:3      | Reached XP level 6. HP: 56/56 MP: 3/3
  3496 | D:3      | Noticed Crazy Yiuf
  3504 | D:3      | Killed Crazy Yiuf
  3746 | D:4      | Found a staircase to the Ecumenical Temple.
  3754 | Temple   | Entered the Ecumenical Temple
  3815 | Temple   | Became a worshipper of Warmaster Okawaru
  3815 | Temple   | Acquired Okawaru's first power
  4112 | D:4      | Reached skill level 8 in Unarmed Combat
  4112 | D:4      | Reached XP level 7. HP: 45/63 MP: 3/3
  5309 | D:5      | Entered Level 5 of the Dungeon
  5439 | D:5      | Found an ancient bone altar of Kikubaaqudgha.
  5575 | D:5      | Reached skill level 9 in Unarmed Combat
  5773 | D:5      | Noticed katzbalger's ghost (experienced HuMo)
  5792 | D:5      | Killed katzbalger's ghost
  5792 | D:5      | Reached skill level 10 in Unarmed Combat
  5792 | D:5      | Reached XP level 8. HP: 25/74 MP: 3/3
  6817 | D:6      | Reached skill level 11 in Unarmed Combat
  7082 | D:7      | Reached skill level 1 in Armour
  7082 | D:7      | Reached XP level 9. HP: 74/82 MP: 4/4
  7171 | D:7      | Noticed Ijyb
  7176 | D:7      | Killed Ijyb
  7483 | D:7      | Reached skill level 12 in Unarmed Combat
  7859 | D:7      | Reached skill level 5 in Armour
  8048 | D:8      | Reached skill level 13 in Unarmed Combat
  8126 | D:8      | Acquired Okawaru's second power
  8215 | D:8      | Noticed Joseph
  8228 | D:8      | Killed Joseph
  8228 | D:8      | Reached XP level 10. HP: 54/90 MP: 4/4
  8972 | D:9      | Found a shimmering altar of Xom.
  9642 | D:9      | Reached skill level 14 in Unarmed Combat
  9999 | D:9      | Found a roughly hewn altar of Beogh.
 10018 | D:9      | Received a gift from Okawaru
 10275 | D:10     | Entered Level 10 of the Dungeon
 10856 | D:10     | Found a flagged portal.
 10922 | Bailey   | Entered a bailey
 11131 | Bailey   | Reached skill level 15 in Unarmed Combat
 11131 | Bailey   | Reached XP level 11. HP: 93/99 MP: 4/4
 11147 | Bailey   | Noticed an orc knight
 11178 | Bailey   | Killed an orc knight
 11400 | Bailey   | Noticed an orc warlord
 11695 | Bailey   | Reached skill level 10 in Fighting
 11724 | Bailey   | Noticed an orc knight
 11753 | Bailey   | Killed an orc knight
 12036 | Bailey   | Noticed an orc knight
 12050 | Bailey   | Killed an orc knight
 12050 | Bailey   | Reached skill level 1 in Shields
 12263 | Bailey   | Got a warped leather armour
 12350 | Bailey   | Identified the cursed -5 leather armour of the Mantidfly {Str+3 Dam+4 Curse} (You found it in a bailey)
 12544 | D:10     | Gained mutation: Your natural rate of healing is unusually fast. [potion of beneficial mutation]
 12545 | D:10     | Gained mutation: You have sharp toenails. [potion of beneficial mutation]
 12676 | D:11     | Found a staircase to the Lair.
 12955 | D:11     | Noticed a hill giant
 12966 | D:11     | Killed a hill giant
 13318 | D:11     | Reached skill level 16 in Unarmed Combat
 13357 | Lair:1   | Entered Level 1 of the Lair of Beasts
 13615 | Lair:1   | Received a gift from Okawaru
 14289 | Lair:2   | Noticed Fannar
 14314 | Lair:2   | Killed Fannar
 14314 | Lair:2   | Reached skill level 5 in Shields
 15107 | Lair:3   | Found a staircase to the Swamp.
 15170 | Lair:3   | Reached XP level 12. HP: 73/100 MP: 5/5
 15320 | Lair:3   | Noticed a five-headed hydra
 15334 | Lair:3   | Killed a five-headed hydra
 15334 | Lair:3   | Reached skill level 17 in Unarmed Combat
 16094 | Lair:4   | Found a hole to the Spider Nest.
 16125 | Lair:4   | Received a gift from Okawaru
 16289 | Lair:4   | Noticed a six-headed hydra
 16300 | Lair:4   | Killed a six-headed hydra
 16918 | Lair:5   | Reached skill level 18 in Unarmed Combat
 16942 | Lair:5   | Noticed DasRunzen's ghost (powerful DsNe)
 16965 | Lair:5   | Killed DasRunzen's ghost
 16965 | Lair:5   | Reached skill level 10 in Armour
 17199 | Lair:5   | Received a gift from Okawaru
 17407 | Lair:5   | Noticed Harold
 17419 | Lair:5   | Gained mutation: You are weak. (Str -2) [potion of mutation]
 17419 | Lair:5   | Gained mutation: You digest meat inefficiently. [potion of mutation]
 17419 | Lair:5   | Gained mutation: You have supernaturally acute eyesight. [potion of mutation]
 17631 | Lair:5   | Noticed Erica
 17644 | Lair:5   | Killed Erica
 17846 | Lair:5   | Killed Harold
 17959 | Lair:6   | Reached XP level 13. HP: 95/107 MP: 5/5
 18480 | Lair:6   | Noticed a four-headed hydra
 18483 | Lair:6   | Noticed a seven-headed hydra
 18498 | Lair:6   | Killed a four-headed hydra
 18507 | Lair:6   | Killed a seven-headed hydra
 18507 | Lair:6   | Reached skill level 19 in Unarmed Combat
 18744 | Lair:6   | Noticed DasRunzen's ghost (powerful FoFi)
 19137 | Lair:6   | Found a staircase to the Slime Pits.
 19324 | Lair:6   | Slain by DasRunzen's ghost

Action                   |  1- 3 |  4- 6 |  7- 9 | 10-12 | 13-15 || total
-------------------------+-------+-------+-------+-------+-------++-------
Melee: Unarmed           |    68 |   194 |   445 |  1050 |   117 ||  1874
Invok: Heroism           |       |       |       |     1 |       ||     1
Evoke: Wand              |       |     1 |     4 |     6 |     1 ||    12
  Use: Scroll            |     5 |     6 |     6 |    13 |       ||    30
       Potion            |     3 |     3 |     2 |     8 |     1 ||    17
 Stab: Fleeing           |       |       |       |     1 |       ||     1
